 Dungeon Crawl Stone Soup version 0.23.2-40-g277498a001 (webtiles) character file.

Game seed: 13727696880419360328

329 Curus the Twirler (level 6, -9/44 HPs)
             Began as a Demonspawn Gladiator on Oct 4, 2019.
             Was an Initiate of Okawaru.
             Mangled by an ice beast (13 damage)
             ... on level 5 of the Dungeon.
             The game lasted 00:14:29 (2839 turns).

Curus the Twirler (Demonspawn Gladiator)            Turns: 2839, Time: 00:14:30

Health: -9/44      AC:  7    Str: 20    XL:     6   Next: 25%
Magic:  6/6        EV: 13    Int:  9    God:    Okawaru [......]
Gold:   250        SH:  0    Dex: 17    Spells: 5/5 levels left

rFire    . . .     SeeInvis .   a - +2 quarterstaff
rCold    . . .     Gourm    .   (shield currently unavailable)
rNeg     . . .     Faith    .   b - +0 leather armour
rPois    .         Spirit   .   c - +1 helmet
rElec    .         Reflect  .   e - +0 cloak
rCorr    .         Harm     .   (no gloves)
MR       .....                  g - +0 pair of boots
Stlth    +.........             (no amulet)
HPRegen  0.14/turn              k - +6 ring of strength
MPRegen  0.10/turn              (no ring)

@: no status effects
A: claws 1, demonic guardian 1
a: Renounce Religion


You were on level 5 of the Dungeon.
You worshipped Okawaru.
Okawaru was noncommittal.
You were not hungry.

You visited 2 branches of the dungeon, and saw 6 of its levels.

You collected 250 gold pieces.

Inventory:

Hand Weapons
 a - a +2 quarterstaff (weapon)
Missiles
 d - 3 throwing nets (quivered)
Armour
 b - a +0 leather armour (worn)
 c - a +1 helmet (worn)
 e - a +0 cloak (worn)
 g - a +0 pair of boots (worn)
Jewellery
 k - a +6 ring of strength (left claw)
 o - a +2 ring of protection {unknown}
Wands
 n - a wand of paralysis (6)
Scrolls
 j - a scroll of amnesia
 l - 2 scrolls of identify
 m - a scroll of teleportation
Potions
 h - a potion of agility
 i - a potion of haste
Comestibles
 f - 9 rations


   Skills:
 - Level 2.0 Fighting
 - Level 5.2 Staves
 - Level 1.7 Throwing
 - Level 2.6 Dodging
 + Level 3.5 Unarmed Combat


You had 5 spell levels left.
You didn't know any spells.
Your spell library was empty.

Dungeon Overview and Level Annotations

Branches:
Dungeon (5/15)             Temple (1/1) D:4

Altars:
Cheibriados
Dithmenos
Elyvilon
Gozag
Kikubaaqudgha
Nemelex Xobeh
Okawaru
Vehumet
Xom
Zin

Annotations:
D:5 Prince Ribbit


Innate Abilities, Weirdness & Mutations

You have sharp fingernails.
A weak demonic guardian rushes to your aid.


Message History

You hit the ice beast but do no damage.
Your shadow imp hits the ice beast but does no damage.
The ice beast hits your shadow imp. The ice beast freezes your shadow imp.
Your shadow imp resists.
You hit the ice beast but do no damage.
Your shadow imp closely misses the ice beast.
The ice beast hits you but does no damage.
You sock the ice beast!
The ice beast is moderately wounded.
Your iron imp misses the ice beast.
Your shadow imp closely misses the ice beast.
The ice beast hits you. The ice beast freezes you!
* * * LOW HITPOINT WARNING * * *
You thump the ice beast!
The ice beast is heavily wounded.
Your iron imp hits the ice beast.
Your shadow imp hits the ice beast.
The ice beast hits you.
* * * LOW HITPOINT WARNING * * *
The ice beast freezes you!
You die...

.......##############..
#'#####.............?...
ยง.....#.................
......#.................
......#.................
...[..#.................
......#......:......(...
#######.................
#........)@5......
#........5Y.......
#########.........
#......... #.........
#......... #.........
#..:......


You could see an ice beast, a friendly iron imp and a friendly shadow imp.

Vanquished Creatures
  An ogre (D:4)
  An iguana (D:4)
  A worker ant (D:4)
  2 river rats (D:4)
  5 adders
  6 worms
  A dart slug (D:1)
  6 leopard geckos
  3 orcs (D:3)
  4 giant cockroaches
  8 goblins
  9 hobgoblins
  11 jackals
  10 kobolds
  2 ball pythons
  4 bats
  3 frilled lizards
  7 rats
84 creatures vanquished.

Vanquished Creatures (collateral kills)
  An orc priest (D:3)
  3 orcs
  A goblin (D:3)
  A jackal (D:3)
6 creatures vanquished.

Grand Total: 90 creatures vanquished

Notes
Turn   | Place    | Note
-------+----------+-------------------------------------------
     0 | D:1      | Curus the Demonspawn Gladiator began the quest for the Orb.
     0 | D:1      | Reached XP level 1. HP: 16/16 MP: 1/1
    66 | D:1      | Reached skill level 3 in Staves
    79 | D:1      | Gained mutation: A weak demonic guardian rushes to your
                  | aid. [demonic ancestry]
    79 | D:1      | Reached XP level 2. HP: 16/22 MP: 2/2
   427 | D:2      | Reached XP level 3. HP: 18/27 MP: 3/3
   637 | D:2      | Reached skill level 4 in Staves
   796 | D:2      | Reached XP level 4. HP: 29/33 MP: 4/4
  1211 | D:3      | Reached skill level 5 in Staves
  1227 | D:3      | Gained mutation: You have sharp fingernails. [demonic
                  | ancestry]
  1227 | D:3      | Reached XP level 5. HP: 25/38 MP: 5/5
  1666 | D:3      | Reached skill level 1 in Unarmed Combat
  2017 | D:4      | Found a staircase to the Ecumenical Temple.
  2030 | Temple   | Entered the Ecumenical Temple
  2037 | Temple   | Became a worshipper of Warmaster Okawaru
  2070 | D:4      | Noticed an ogre
  2080 | D:4      | Killed an ogre
  2080 | D:4      | Reached XP level 6. HP: 17/44 MP: 6/6
  2779 | D:5      | Entered Level 5 of the Dungeon
  2784 | D:5      | Noticed Prince Ribbit
  2832 | D:5      | Noticed an ice beast
  2839 | D:5      | Mangled by an ice beast

Skill      XL: |  1  2  3  4  5 |
---------------+----------------+-----
Staves         | 3 4 5 |  5.2
Unarmed Combat | 3 |  3.5
Fighting       | |  2.0
Throwing       | |  1.7
Dodging        | |  2.6

Action                   |  1- 3 |  4- 6 || total
-------------------------+-------+-------++-------
Melee: Quarterstaff      |    92 |   183 ||   275
  Use: Potion            |     3 |     1 ||     4
       Scroll            |     3 |     5 ||     8
 Stab: Sleeping          |       |     2 ||     2
  Eat: Chunk             |       |     4 ||     4
       Ration            |       |     1 ||     1
Armor: Leather armour    |    27 |    32 ||    59
Dodge: Dodged            |    69 |    95 ||   164
